 Dungeon Crawl Stone Soup version 0.17.0-28-g6e173f8 (console) character file.

2336 Kloppie the Zephyrmancer (level 9, -1/53 HPs)
             Began as a High Elf Air Elementalist on Dec 3, 2015.
             Slain by a wight
             ... wielding a cursed +2 great sword
              (5 damage)
             ... on level 7 of the Dungeon.
             The game lasted 00:32:20 (11248 turns).

Kloppie the Zephyrmancer (HEAE)                    Turns: 11248, Time: 00:32:20

Health: -1/53      AC: 11    Str:  7    XL:     9   Next: 19%
Magic:  9/16       EV: 15    Int: 23    God:
Gold:   337        SH:  0    Dex: 16    Spells: 5 memorised, 3 levels left

rFire  . . .     SeeInvis .     n - +0 dagger (protect)
rCold  . . .     Clarity  .     a - +0 robe
rNeg   . . .     SustAt   .     (no shield)
rPois  +         Gourm    .     (no helmet)
rElec  .         Spirit   .     (no cloak)
rCorr  +         Warding  .     (no gloves)
rMut   .         Stasis   .     s - +1 pair of boots
MR     .....                    l - amulet of resist corrosion
Stlth  ++........               y - +2 ring of protection
                                e - ring of poison resistance

@: lethally poisoned (-1 -> -5), drained, not resistant to hostile enchantments,
unstealthy
A: no striking features
a: no special abilities


You were on level 7 of the Dungeon.
You were not hungry.

You visited 1 branch of the dungeon, and saw 7 of its levels.
You also visited: Sewer and Ossuary.

You collected 337 gold pieces.

Inventory:

Hand Weapons
 i - a +0 whip
 n - a +0 dagger of protection (weapon)
 p - a +1 flail of protection
Armour
 a - a +0 robe (worn)
 f - the +1 helmet of the Dropbear {rCorr Str-5 Dex+3}
   (You found it on level 4 of the Dungeon)

   It affects your strength (-5).
   It affects your dexterity (+3).
   It protects you from acid and corrosion.
 s - a +1 pair of boots (worn)
Jewellery
 e - a ring of poison resistance (left hand)
 l - an amulet of resist corrosion (around neck)
 m - an uncursed ring of invisibility
 y - a +2 ring of protection (right hand)
Wands
 v - a wand of magic darts (36)
 E - a wand of cold (8)
Scrolls
 h - 2 scrolls of blinking
 r - a scroll of remove curse
 A - a scroll of fear
 F - a scroll of teleportation
 G - a scroll of random uselessness {unknown}
Potions
 d - a potion of haste
 g - 4 potions of agility
 j - 3 potions of curing
 o - 4 potions of cancellation
 q - 2 potions of resistance
 t - 2 potions of mutation
 u - 2 potions of lignification
 x - 5 potions of brilliance
 z - a potion of poison {unknown}
 C - a potion of heal wounds
Books
 b - a book of Air

   Spells                             Type                      Level
   a - Shock                          Conjuration/Air              1
   b - Swiftness                      Charms/Air                   2
   c - Repel Missiles                 Charms/Air                   2
   d - Static Discharge               Conjuration/Air              3
   e - Lightning Bolt                 Conjuration/Air              5
 B - a book of the Sky

   Spells                             Type                      Level
   a - Summon Lightning Spire         Summoning/Air                4
   b - Airstrike                      Air                          4
   c - Silence                        Hexes/Air                    5
   d - Deflect Missiles               Charms/Air                   6
   e - Conjure Ball Lightning         Conjuration/Air              6
   f - Tornado                        Air                          9
 D - a book of Necromancy

   Spells                             Type                      Level
   a - Pain                           Necromancy                   1
   b - Animate Skeleton               Necromancy                   1
   c - Vampiric Draining              Necromancy                   3
   d - Regeneration                   Charms/Necromancy            3
   e - Animate Dead                   Necromancy                   4
   f - Control Undead                 Necromancy                   4
Comestibles
 c - 3 bread rations
 k - 4 meat rations
 w - 3 chunks of flesh


   Skills:
 + Level 1.0(0.4) Fighting
 - Level 2.7(2.1) Short Blades
 - Level 6.5(5.8) Dodging
 - Level 2.1(1.5) Stealth
 - Level 4.0(3.3) Spellcasting
 + Level 7.9(7.2) Conjurations
 + Level 9.2(8.5) Air Magic


You had 3 spell levels left.
You knew the following spells:

 Your Spells              Type           Power        Failure   Level  Hunger
a - Shock                 Conj/Air       ####         1%          1    None
b - Swiftness             Chrm/Air       ###.....     2%          2    ##.....
c - Static Discharge      Conj/Air       #####...     1%          3    ###....
d - Repel Missiles        Chrm/Air       ###...       2%          2    ##.....
e - Lightning Bolt        Conj/Air       #####.....   14%         5    ######.


Dungeon Overview and Level Annotations

Branches:
Dungeon (7/15)
 Temple: D:4-7

Altars:
Ashenzari
Fedhas
Kikubaaqudgha
Makhleb
Nemelex Xobeh
Sif Muna
Trog

Annotations:
D:3 Rex's ghost, amateur MiFi; Robin
D:4 Blork the orc
D:5 exclusion: phantom, Eptagon's ghost, novice OpMo
D:6 PossumBlood's ghost, novice MiFi
D:7 Joseph; Pikel


Message History

The wight is heavily damaged.
The zap hits the wight.
The wight is severely damaged.
The wight hits you with an enchanted great sword!
* * * LOW HITPOINT WARNING * * *
You feel drained.
* * * LOW HITPOINT WARNING * * *
Casting: Shock
Confirm with . or Enter, or press ? or * to list all spells.
Aiming: Shock
Press: ? - help, Shift-Dir - straight line, f/p - wight
Aim: a wight, wielding an enchanted great sword and wearing a robe (heavily damaged)
The zap misses the wight.
The zap hits the wight.
You destroy the wight!
Your base Fighting skill increases to level 1!
You feel sick.
The wight hits you with an enchanted great sword!
* * * LOW HITPOINT WARNING * * *
You feel drained.
You die...

##.....####).(.....>zz......#
##......#.......#.......#####
............)...#..######
............(.....##
...................###
...............<.#...#
.................###.#
................###).#
....>...........@z).##
##..........(...#####
###...............######
#.........##.##..[[..#
###.....###.##.#######>##
#......## #....#######..#
....##.# ###...........###
...###.## #####..###....#
..## #..##########......###


You could see a wight.

Vanquished Creatures
  Prince Ribbit (D:6)
  2 slaves (D:7)
  A phantom (D:5)
  A centaur (D:6)
  6 big kobolds (Sewer)
  2 giant frogs (D:6)
  A water moccasin zombie (Ossuary)
  2 scorpions
  2 wights (D:7)
  A crimson imp (D:5)
  A giant frog zombie (D:5)
  2 jellies
  A centaur skeleton (D:5)
  7 orc priests
  3 orc wizards
  2 hounds
  3 iguanas
  6 worker ants
  2 big kobold zombies (Ossuary)
  A hound skeleton (D:3)
  3 mummies
  A worker ant zombie (D:7)
  11 adders
  6 gnolls
  2 shadow imps (D:7)
  2 river rats
  5 oozes
  4 adder zombies (Ossuary)
  5 worms
  5 giant geckos
  12 orcs
  9 bats
  2 gnoll zombies (Ossuary)
  11 hobgoblins
  18 jackals
  5 ball pythons
  10 giant cockroaches
  A giant cockroach zombie (D:5)
  4 giant newts
  17 goblins
  6 hobgoblin zombies (Ossuary)
  A jackal zombie (D:5)
  12 kobolds
  5 kobold zombies (Ossuary)
  4 orc zombies (Ossuary)
  A quokka skeleton (D:4)
  14 rats
223 creatures vanquished.

Notes
Turn   | Place    | Note
--------------------------------------------------------------
     0 | D:1      | Kloppie the High Elf Air Elementalist began the quest for the Orb.
     0 | D:1      | Reached XP level 1. HP: 11/11 MP: 4/4
   509 | D:1      | Reached XP level 2. HP: 13/17 MP: 0/6
   877 | D:1      | Reached skill level 4 in Air Magic
  1390 | D:1      | Reached XP level 3. HP: 21/21 MP: 5/7
  1835 | D:2      | Found a deep blue altar of Sif Muna.
  2577 | D:2      | Reached XP level 4. HP: 20/27 MP: 4/8
  2651 | D:2      | Learned a level 2 spell: Swiftness
  2655 | D:2      | Learned a level 3 spell: Static Discharge
  3331 | D:3      | Noticed Rex's ghost (amateur MiFi)
  3372 | D:3      | HP: 1/27 [Rex's ghost (16)]
  3743 | D:3      | Found an ancient bone altar of Kikubaaqudgha.
  3774 | D:3      | Reached skill level 1 in Short Blades
  4022 | D:3      | Noticed Robin
  4025 | D:3      | Reached XP level 5. HP: 31/31 MP: 1/9
  4027 | D:3      | Reached skill level 5 in Air Magic
  4536 | D:3      | Learned a level 2 spell: Repel Missiles
  4808 | D:3      | Found a sparkling altar of Nemelex Xobeh.
  4925 | D:4      | Found a sand-covered staircase.
  4961 | Ossuary  | Entered an ossuary
  5318 | Ossuary  | Reached XP level 6. HP: 30/36 MP: 2/10
  5790 | D:4      | Got a heavily runed helmet
  5798 | D:4      | Noticed Blork the orc
  5802 | D:4      | Found a blossoming altar of Fedhas.
  6112 | D:4      | Found a shattered altar of Ashenzari.
  6372 | D:4      | Reached skill level 6 in Air Magic
  6720 | D:4      | Found a bloodstained altar of Trog.
  7116 | D:5      | Entered Level 5 of the Dungeon
  7176 | D:5      | Reached XP level 7. HP: 41/41 MP: 9/11
  7250 | D:5      | Reached skill level 5 in Conjurations
  7309 | D:5      | Noticed Eptagon's ghost (novice OpMo)
  7579 | D:5      | Reached skill level 5 in Dodging
  7698 | D:5      | Reached skill level 7 in Air Magic
  7825 | D:5      | Found a glowing drain.
  7830 | Sewer    | Entered a sewer
  8227 | Sewer    | Reached XP level 8. HP: 38/46 MP: 4/12
  8793 | Sewer    | Reached skill level 8 in Air Magic
  8909 | Sewer    | Identified the +1 helmet of the Dropbear {rCorr Str-5 Dex+3} (You found it on level 4 of the Dungeon)
  9693 | D:6      | Noticed PossumBlood's ghost (novice MiFi)
  9951 | D:6      | Noticed Prince Ribbit
 10004 | D:6      | Killed Prince Ribbit
 10253 | D:6      | Learned a level 5 spell: Lightning Bolt
 10332 | D:6      | Reached XP level 9. HP: 51/51 MP: 15/15
 10437 | D:6      | Found a burning altar of Makhleb.
 10490 | D:7      | Reached skill level 9 in Air Magic
 10705 | D:7      | Noticed Joseph
 11140 | D:7      | Noticed Pikel
 11248 | D:7      | Reached skill level 1 in Fighting
 11248 | D:7      | Slain by a wight

Action                   |  1- 3 |  4- 6 |  7- 9 || total
-------------------------+-------+-------+-------++-------
Melee: Unarmed           |     7 |       |       ||     7
       Club              |     5 |       |       ||     5
       Whip              |    35 |       |       ||    35
       Dagger            |     1 |   113 |   156 ||   270
 Cast: Shock             |    85 |   168 |   234 ||   487
       Repel Missiles    |       |       |     1 ||     1
  Use: Scroll            |       |    13 |     5 ||    18
       Potion            |       |     1 |       ||     1
 Stab: Sleeping          |     1 |    14 |     2 ||    17
  Eat: Chunk             |     5 |    12 |     8 ||    25
       Pizza             |       |     1 |       ||     1
       Beef jerky        |       |     1 |       ||     1
       Meat ration       |       |       |     1 ||     1
